 Dungeon Crawl Stone Soup version 0.28.0-53-g5a82cb258f (webtiles) character file.

Game seed: 17671634646499741279

4112 Descartes the Thrower (level 10, -5/94 HPs)
             Began as a Troll Hunter on June 1, 2022.
             Was an Initiate of Gozag.
             Slain by a vampire mosquito (8 damage)
             ... on level 7 of the Dungeon.
             The game lasted 00:14:08 (6179 turns).

Descartes the Thrower (Troll Hunter)                Turns: 6179, Time: 00:14:09

Health: -5/94      AC:  8    Str: 20    XL:     10   Next: 6%
Magic:  9/9        EV: 10    Int:  9    God:    Gozag
Gold:   555        SH:  0    Dex: 16    Spells: 9/9 levels left

rFire   + . .      SeeInvis .   A - +6 hand axe of Turmoil {spect, rF+ Will+ Str-4}
rCold   . . .      Faith    .   (no shield)
rNeg    . . .      Spirit   .   y - +2 robe {Will+}
rPois   .          Reflect  .   (helmet restricted)
rElec   .          Harm     .   x - +1 cloak {Will+}
rCorr   .          Rampage  .   (gloves unavailable)
Will    +++..                   (boots unavailable)
Stlth   ++........              u - amulet of regeneration
HPRegen 1.85/turn               F - +6 ring of dexterity
MPRegen 0.11/turn               (no ring)

@: no status effects
A: large, unfitting armour, claws 3, regeneration 1, shaggy fur 1, tough skin 1
a: Renounce Religion, Potion Petition, Call Merchant, Bribe Branch


You were on level 7 of the Dungeon.
You worshipped Gozag.
Gozag was pleased with you.
You visited 2 branches of the dungeon, and saw 8 of its levels.

You collected 899 gold pieces.
You spent 288 gold pieces at shops.
You paid 56 gold pieces to Gozag.

Inventory:

Hand Weapons
 w - a +2 quarterstaff of chaos
 A - the +6 hand axe of Turmoil (weapon) {spect, rF+ Will+ Str-4}
   (You found it on level 5 of the Dungeon)

   When its wielder attacks, the weapon's spirit leaps out and strikes again.
   The spirit shares a part of any damage it takes with its wielder.
   Str:       It affects your strength (-4).
   rF:        It protects you from fire.
   Will:      It increases your willpower.
Missiles
 c - 5 large rocks
 d - 7 throwing nets
 f - 363 stones
 k - 15 boomerangs (quivered)
 t - 4 poisoned darts
Armour
 x - a +1 cloak of willpower (worn)
 y - a +2 robe of willpower (worn)
 E - +0 acid dragon scales
Jewellery
 u - an amulet of regeneration (around neck)
 F - a +6 ring of dexterity (left claw)
Wands
 i - a wand of acid (3)
 B - a wand of digging (14)
 C - a wand of flame (27)
Scrolls
 a - 2 scrolls of magic mapping {unknown}
 e - 2 scrolls of immolation {unknown}
 h - a scroll of fear {unknown}
 n - 2 scrolls of amnesia {unknown}
 o - 3 scrolls of teleportation {unknown}
 q - 7 scrolls of identify {unknown}
 r - 2 scrolls of silence {unknown}
 s - 2 scrolls of fog {unknown}
 z - a scroll of holy word {unknown}
Potions
 b - 2 potions of lignification {unknown}
 g - 4 potions of resistance {unknown}
 j - 4 potions of flight {unknown}
 l - a potion of haste
 m - a potion of degeneration {unknown}
 p - 2 potions of ambrosia {unknown}
 v - a potion of heal wounds {unknown}
 D - a potion of curing {unknown}
 G - a potion of brilliance {unknown}


   Skills:
 + Level 4.9 Fighting
 + Level 4.5 Axes
 + Level 8.5 Throwing
 - Level 1.5 Dodging
 - Level 0.3 Stealth
 + Level 8.2 Unarmed Combat
 + Level 2.0 Evocations


You had 9 spell levels left.
You didn't know any spells.
Your spell library contained the following spells:

 Spells                   Type           Power      Damage    Failure   Level
 Call Canine Familiar     Summ           0%         N/A       77%         3
 Portal Projectile        Hex/Tloc       0%         N/A       77%         3
 Leda's Liquefaction      Hex/Erth       0%         N/A       99%         4


Dungeon Overview and Level Annotations

Branches:
Dungeon (7/15)             Temple (1/1) D:4

Altars:
Ashenzari
Cheibriados
Fedhas
Gozag
Kikubaaqudgha
Makhleb
Nemelex Xobeh
Okawaru
Qazlal
Ru
Sif Muna
Trog
Uskayaw
Vehumet
Xom
Yredelemnul
The Shining One

Shops:
D:5 =:=*[*


Innate Abilities, Weirdness & Mutations

You are too large for most types of armour.
You have claws for hands.
Your natural rate of healing is unusually fast.
You are covered in fur. (AC +1)
You have tough skin. (AC +1)


Message History

The vampire mosquito bites you!
The vampire mosquito draws strength from your injuries!
The vampire mosquito bites you!
* * * LOW HITPOINT WARNING * * *
The vampire mosquito draws strength from your injuries!
You slash the vampire mosquito!
The vampire mosquito is heavily damaged.
The vampire mosquito bites you.
* * * LOW HITPOINT WARNING * * *
The vampire mosquito draws strength from your injuries!
The vampire mosquito closely misses you.
The vampire mosquito bites you.
* * * LOW HITPOINT WARNING * * *
The vampire mosquito draws strength from your injuries!
You hit the vampire mosquito.
The vampire mosquito is heavily damaged.
The vampire mosquito bites you.
* * * LOW HITPOINT WARNING * * *
The vampire mosquito draws strength from your injuries!
The vampire mosquito bites you but does no damage.
You miss the vampire mosquito.
The vampire mosquito is moderately damaged.
The vampire mosquito closely misses you.
The vampire mosquito bites you but does no damage.
You slash the vampire mosquito!
The vampire mosquito is severely damaged.
The vampire mosquito bites you.
* * * LOW HITPOINT WARNING * * *
The vampire mosquito draws strength from your injuries!
The vampire mosquito bites you.
* * * LOW HITPOINT WARNING * * *
The vampire mosquito draws strength from your injuries!
You barely miss the vampire mosquito.
The vampire mosquito is heavily damaged.
The vampire mosquito bites you!
* * * LOW HITPOINT WARNING * * *
The vampire mosquito draws strength from your injuries!
The vampire mosquito bites you!
You die...
Your body crumbles into a pile of gold.

##### ... ##...#
.... ##....#
...##...... #
.........### #.
#.#..##...
#..#....##.#####.##
#.........yy@.....#
........#..##.##...#
....)......##.# #
...#...........
.........$....##
........J.##..#
..........# ..#
.......#... ..#
.#.##.. ..##


You could see 2 vampire mosquitoes.

Vanquished Creatures
  A two-headed ogre (D:5)
  Maggie (D:6)
  Grinder (D:3)
  Sigmund (D:6)
  A vampire mosquito (D:7)
  Grum (D:5)
  Edmund (D:5)
  A black bear (D:6)
  A hornet zombie (D:6)
  2 necrophages (D:6)
  2 sky beasts (D:6)
  3 ogres
  A wolf (D:5)
  A centaur (D:6)
  Blork the orc (D:6)
  A bullfrog (D:4)
  A scorpion (D:5)
  2 gnoll sergeants (D:5)
  A water moccasin skeleton (D:6)
  A jelly (D:4)
  A bullfrog zombie (D:5)
  3 gnoll shamans (D:5)
  13 hounds
  3 orc priests
  Crazy Yiuf (D:4)
  Natasha (thrice) (D:3)
  4 iguanas
  An orc wizard (D:5)
  2 hound skeletons
  Robin (D:2)
  A howler monkey zombie (D:5)
  6 adders
  18 gnolls (D:5)
  2 white imps
  A worm (D:4)
  A dart slug (D:2)
  10 orcs
  5 endoplasms
  3 giant cockroaches
  13 goblins
  4 hobgoblins (D:2)
  9 jackals
  2 quokkas
  5 ball pythons
  2 bats
  A frilled lizard (D:1)
  6 kobolds
  2 rats
148 creatures vanquished.

Vanquished Creatures (collateral kills)
  An endoplasm (D:2)
  2 goblins (D:2)
3 creatures vanquished.

Grand Total: 151 creatures vanquished

Notes
Turn   | Place    | Note
-------+----------+-------------------------------------------
     0 | D:1      | Descartes the Troll Hunter began the quest for the Orb.
     0 | D:1      | Reached XP level 1. HP: 19/19 MP: 0/0
    84 | D:1      | Found a faded altar of an unknown god.
   379 | D:1      | Reached skill level 1 in Unarmed Combat
   385 | D:1      | Reached XP level 2. HP: 27/27 MP: 1/1
  1111 | D:2      | You fall into a shaft and drop 1 floor!
  1134 | D:3      | Found a hide-covered altar of Uskayaw.
  1181 | D:3      | Noticed Natasha
  1190 | D:3      | Noticed a crimson imp
  1196 | D:3      | Killed Natasha
  1197 | D:3      | Reached XP level 3. HP: 18/33 MP: 2/2
  1202 | D:3      | Noticed Natasha
  1207 | D:3      | Killed Natasha
  1208 | D:3      | Reached XP level 4. HP: 21/41 MP: 3/3
  1263 | D:3      | Noticed Natasha
  1275 | D:3      | Killed Natasha
  1363 | D:3      | Noticed Grinder
  1363 | D:3      | Paralysed by Grinder for 5 turns
  1371 | D:3      | Paralysed by Grinder for 6 turns
  1379 | D:3      | Paralysed by Grinder for 7 turns
  1392 | D:3      | Paralysed by Grinder for 7 turns
  1416 | D:3      | Killed Grinder
  1417 | D:3      | Reached skill level 5 in Throwing
  1417 | D:3      | Reached XP level 5. HP: 8/48 MP: 4/4
  1417 | D:3      | Reached XP level 6. HP: 9/55 MP: 5/5
  1867 | D:2      | Noticed Robin
  1943 | D:2      | Killed Robin
  2574 | D:3      | Found a basalt altar of Yredelemnul.
  2902 | D:4      | Found a shimmering altar of Xom.
  2950 | D:4      | Found a runed translucent door.
  2951 | D:4      | Noticed Crazy Yiuf
  2974 | D:4      | Reached skill level 5 in Unarmed Combat
  2974 | D:4      | Reached XP level 7. HP: 21/62 MP: 6/6
  3289 | D:4      | Found a staircase to the Ecumenical Temple.
  3298 | Temple   | Entered the Ecumenical Temple
  3522 | Temple   | Became a worshipper of Gozag Ym Sagoz the Greedy
  3626 | D:4      | Found a radiant altar of Vehumet.
  3820 | D:4      | Killed Crazy Yiuf
  3870 | D:5      | Entered Level 5 of the Dungeon
  3871 | D:5      | Found Ehovoob's Assorted Antiques.
  3909 | D:5      | Bought a scroll labelled WYIMOTW TOIN for 30 gold pieces
  3909 | D:5      | Bought a metallic dark potion for 27 gold pieces
  3909 | D:5      | Bought a glowing robe for 111 gold pieces
  3953 | D:5      | Identified the +6 hand axe of Turmoil {spect, rF+ Will+
                  | Str-4}
  3976 | D:5      | Found Plog's Antique Armour Shoppe.
  4024 | D:5      | Noticed Edmund
  4033 | D:5      | Killed Edmund
  4080 | D:5      | Found Cezxidu's Jewellery Shoppe.
  4101 | D:5      | Found Coazameu's General Store.
  4102 | D:5      | Found Ubell's Jewellery Shop.
  4148 | D:5      | Reached skill level 1 in Axes
  4155 | D:5      | Reached XP level 8. HP: 48/72 MP: 7/7
  4356 | D:5      | Found Guvvaud's Book Emporium.
  4370 | D:5      | Noticed a two-headed ogre
  4517 | D:5      | Killed a two-headed ogre
  4586 | D:5      | Reached XP level 9. HP: 82/83 MP: 8/8
  4633 | D:5      | Noticed Grum
  4638 | D:5      | Killed Grum
  4893 | D:5      | Found a burning altar of Makhleb.
  5173 | D:5      | Bought a copper wand for 120 gold pieces
  5185 | D:6      | Noticed Sigmund
  5198 | D:6      | Killed Sigmund
  5207 | D:6      | Found a sparkling altar of Nemelex Xobeh.
  5285 | D:6      | Reached skill level 1 in Evocations
  5415 | D:6      | Noticed Maggie
  5436 | D:6      | Killed Maggie
  5488 | D:6      | Noticed Blork the orc
  5501 | D:6      | Killed Blork the orc
  5999 | D:6      | Reached XP level 10. HP: 94/94 MP: 9/9
  6179 | D:7      | HP: 3/94 [vampire mosquito (8)]
  6179 | D:7      | Slain by a vampire mosquito

Illustrated notes

Levels and vault maps discovered:
D:1:      beargit_arrival_diablo_church, layout_loops_corners,
          shapermc_ecumenical_altar_mp_highgroup, minivault_27,
          chequers_serial_rivers_room_a
D:2:      layout_basic, uniq_robin
D:3:      layout_loops_ring, mainiacjoe_overflow_cross_hatched,
          mainiacjoe_overflow_alcove_1, uniq_grinder, uniq_natasha
D:4:      minmay_general_purpose_star, layout_rooms,
          mainiacjoe_overflow_catwalk, nicolae_vehumet_altar_sigil,
          lemuel_temple_firewalk_a, uniq_crazy_yiuf_cottage
D:5:      layout_cave_pools, lightli_temple_of_fire, serial_shops, shop,
          nicolae_inconvenience_store, kennysheep_little_box, shop,
          nicolae_shop_waterfront, serial_gnoll_camp, gnoll_camp_medium_01,
          gnoll_camp_mini_house, gnoll_camp_medium_02, gnoll_camp_mini_shop,
          grums_kennel, minmay_misc_feat_doors, uniq_edmund
D:6:      layout_basic, mainiacjoe_overflow_brackets, uniq_blork_the_orc,
          uniq_sigmund, uniq_maggie
D:7:      layout_basic, mainiacjoe_overflow_tiny_flanked, lemuel_tele_altar,
          interstate_on_off
Temple:   grunt_temple_mini_profane

Skill      XL: |  1  2  3  4  5  6  7  8  9 10 |
---------------+-------------------------------+-----
Unarmed Combat | 1 2 4 5 6 7 8 |  8.2
Throwing       | 4 5 6 7 8 |  8.5
Fighting       | 2 3 4 |  4.9
Axes           | 1 3 4 |  4.5
Evocations     | 1 2 |  2.0
Dodging        | |  1.5
Stealth        | |  0.3

Action                   |  1- 3 |  4- 6 |  7- 9 | 10-12 || total
-------------------------+-------+-------+-------+-------++-------
Melee: Unarmed           |    52 |   120 |    37 |       ||   209
       Hand axe          |       |       |   177 |    44 ||   221
       Punch             |       |       |     7 |     5 ||    12
Throw: Large rock        |       |       |     2 |       ||     2
       Boomerang         |       |       |     6 |       ||     6
 Stab: Sleeping          |       |     1 |     2 |       ||     3
       Distracted        |       |       |     3 |     1 ||     4
Armor: Robe              |    21 |    40 |    71 |    21 ||   153
Dodge: Dodged            |    27 |    56 |    99 |    36 ||   218
